 Dungeon Crawl Stone Soup version 0.30-a0-920-g7493c07aab (webtiles) character file.

Game seed: 11428352008622120182

249 Juicyj the Chopper (level 5, -12/46 HPs)
             Began as a Minotaur Gladiator on Mar 21, 2023.
             Killed from afar by Natasha (20 damage)
             ... with a bolt of light
             ... on level 2 of the Dungeon.
             The game lasted 00:01:39 (850 turns).

Juicyj the Chopper (Minotaur Gladiator)              Turns: 850, Time: 00:01:39

Health: -12/46     AC:  3    Str: 20 (21) XL:     5   Next: 86%
Magic:  4/4        EV: 12    Int:  4 (5)  God:
Gold:   26         SH:  0    Dex:  8 (11) Spells: 4/4 levels left

rFire   . . .      SeeInvis .    m - +4 scythe (heavy)
rCold   . . .      Faith    .    (shield currently unavailable)
rNeg    . . .      Spirit   .    b - +0 leather armour
rPois   .          Reflect  .    c - +0 hat
rElec   .          Rampage  .    (no cloak)
rCorr   .                        (no gloves)
Will    .....                    (no boots) Stlth
                                 (no amulet)
HPRegen 0.27/turn                (no ring)
MPRegen 0.09/turn                (no ring)

@: confused
A: horns 2, retaliatory headbutt
a: no special abilities


You were on level 2 of the Dungeon.
You visited 1 branch of the dungeon, and saw 2 of its levels.

You collected 26 gold pieces.

Inventory:

Hand Weapons
 a - a +0 war axe
 m - a +4 heavy scythe (weapon)
Missiles
 d - 2 throwing nets (quivered)
 e - a javelin
Armour
 b - a +0 leather armour (worn)
 c - a +0 hat (worn)
Wands
 o - a wand of polymorph (14)
Scrolls
 f - 3 scrolls of fear {unknown}
 g - 2 scrolls of identify {unknown}
 n - a scroll of silence {unknown}
Potions
 h - 2 potions of attraction {unknown}
 i - 2 potions of ambrosia {unknown}
 j - a potion of heal wounds
 k - a potion of curing


   Skills:
 + Level 4.1 Fighting
 - Level 4.8(5.0) Axes
 * Level 1.4(3.4) Polearms
 + Level 3.4 Throwing
 + Level 4.5 Dodging


You had 4 spell levels left.
You didn't know any spells.
Your spell library was empty.

Dungeon Overview and Level Annotations

Branches:
Dungeon (2/15)

Altars:
Cheibriados

Annotations:
D:2 Natasha


Innate Abilities, Weirdness & Mutations

You have a pair of horns on your head.
You reflexively headbutt those who attack you in melee.


Message History

You impale the endoplasm!!
You kill the endoplasm!
Natasha, Servant of Life and Death comes into view.
She is carrying a wand of light (6).
Natasha hisses angrily.
Natasha mumbles some strange words.
Natasha zaps a wand.
The bolt of light hits you!
You barely miss the shadow imp.
Natasha zaps a wand.
The bolt of light hits you!! The shadow imp barely misses you.
You furiously retaliate!
You headbutt the shadow imp.
Natasha zaps a wand.
The bolt of light hits you!
* * * LOW HITPOINT WARNING * * *
The shadow imp barely misses you.
You are too injured to fight recklessly!
There are monsters nearby!
There are monsters nearby!
You are too injured to fight recklessly!
You are too injured to fight recklessly!
Aiming: Polymorph
Press: ? - help, Q - select action, (/) - cycle Shift-Dir - straight line, f - Natasha
Aim: Natasha, carrying a wand of light (3) (will become a kobold, a golden eye, or a quokka, chance to affect: 49%)
Okay, then.
It was a potion of degeneration.
There was something very wrong with that liquid.
You feel weakened.
You feel dopey.
You feel clumsy. The shadow imp misses you.
It was a potion of curing.
You feel better.
Natasha zaps a wand.
The bolt of light misses you. The shadow imp hits you.
* * * LOW HITPOINT WARNING * * *
It was a potion of heal wounds.
You feel much better.
Natasha zaps a wand.
The bolt of light hits you!!
* * * LOW HITPOINT WARNING * * *
The shadow imp barely misses you.
Throw: 3 throwing nets
Press: ? - help, Q - select action, (/) - cycle Shift-Dir - straight line, f - Natasha
Aim: Natasha, carrying a wand of light (1) (50% to hit)
You throw a throwing net. The throwing net hits Natasha.
Natasha is caught in the net!
Natasha zaps a wand.
The bolt of light hits you!!
You are confused.
You die...

....... ..# ........#
..# .........# ....
.........# .....
.........###.....
..........h.....
................
#....@5>## #........#
#.......<#
#........!.#
###########........#.#
#..........###+###.#
.. #..............# .#
. #..........###### ##
...........'....#


You could see Natasha (caught) and a shadow imp (summoned).

Vanquished Creatures
  Sigmund (D:2)
  Natasha (D:2)
  3 adders (D:2)
  A dart slug (D:2)
  3 ball pythons
  3 bats
  4 endoplasms
  5 giant cockroaches (D:1)
  3 goblins
  5 hobgoblins
  2 quokkas (D:1)
  4 frilled lizards
  2 kobolds
  3 rats (D:1)
40 creatures vanquished.

Notes
Turn   | Place    | Note
-------+----------+-------------------------------------------
     0 | D:1      | Juicyj the Minotaur Gladiator began the quest for the Orb.
     0 | D:1      | Reached XP level 1. HP: 18/18 MP: 0/0
   106 | D:1      | Reached XP level 2. HP: 22/25 MP: 1/1
   461 | D:1      | Reached XP level 3. HP: 30/30 MP: 2/2
   520 | D:2      | Found a snail-covered altar of Cheibriados.
   548 | D:2      | Noticed Sigmund
   560 | D:2      | Killed Sigmund
   561 | D:2      | Reached XP level 4. HP: 36/40 MP: 3/3
   561 | D:2      | Reached XP level 5. HP: 41/46 MP: 4/4
   582 | D:2      | Noticed Natasha
   586 | D:2      | Killed Natasha
   587 | D:2      | Reached skill level 1 in Polearms
   842 | D:2      | Noticed Natasha
   846 | D:2      | HP: 1/46 [Natasha/bolt of light (14)]
   850 | D:2      | Killed from afar by Natasha

Illustrated notes

Levels and vault maps discovered:
D:1:      lemuel_arrival_behind_the_door_small, layout_basic
D:2:      layout_basic, basic_altar, kennysheep_big_empty_room,
          chequers_serial_rivers_small_3, uniq_sigmund, uniq_natasha

Skill      XL: |  1  2  3  4  5 |
---------------+----------------+-----
Axes           | 4 |  4.8
Fighting       | 3 4 |  4.1
Throwing       | 3 |  3.4
Dodging        | 4 |  4.5
Polearms       | 1 |  1.4

Action                     |  1- 3 |  4- 6 || total
---------------------------+-------+-------++-------
  Melee: War axe           |    57 |       ||    57
         Headbutt          |    10 |     1 ||    11
         Punch             |     1 |       ||     1
         Halberd           |       |    20 ||    20
  Throw: Throwing net      |       |     1 ||     1
    Use: Potion            |       |     3 ||     3
 Armour: Leather armour    |    18 |     8 ||    26
  Dodge: Dodged            |    45 |    17 ||    62

Table legend: (Time is in decaauts)
 A = Elapsed time spent in this place.
 B = Non-inter-level travel time spent in this place.
 C = Inter-level travel time spent in this place.
 D = Time resting spent in this place.
 E = Time spent auto-exploring this place.
 F = Levels seen in this place.
 G = Mean time per level.
                   A        B        C        D        E       F      G
               +--------+--------+--------+--------+--------+-----+--------+
         Total |    891 |    874 |     17 |      0 |    645 |   2 |  445.5 |
       Dungeon |    891 |    874 |     17 |      0 |    645 |   2 |  445.5 |
               +--------+--------+--------+--------+--------+-----+--------+

Top non-repeatable levels by time:
     D:1: 534 daAuts
     D:2: 356 daAuts
